 Dungeon Crawl Stone Soup version 0.23.0-3-gf3c87f2 (webtiles) character file.

Game seed: 7037618464391310975

288 Kairos the Grave Robber (level 6, -5/44 HPs)
             Began as a Gnoll Necromancer on Feb 24, 2019.
             Slain by a centaur (9 damage)
             ... on level 3 of the Dungeon.
             The game lasted 00:12:11 (3293 turns).

Kairos the Grave Robber (Gnoll Necromancer)         Turns: 3293, Time: 00:12:12

Health: -5/44      AC:  2    Str: 12    XL:     6   Next: 31%
Magic:  7/14       EV: 15    Int: 17    God:
Gold:   94         SH:  0    Dex: 16    Spells: 7/15 levels left

rFire    . . .     SeeInvis .   f - +0 dagger
rCold    . . .     Gourm    .   (no shield)
rNeg     . . .     Faith    .   a - +0 robe
rPois    +         Spirit   .   (no helmet)
rElec    .         Reflect  .   (no cloak)
rCorr    .         Harm     .   (no gloves)
MR       .....                  (no boots)
Stlth    +++.......             (no amulet)
HPRegen  0.14/turn              q - ring of poison resistance
MPRegen  0.14/turn              (no ring)

@: no status effects
A: distributed training, fangs 1, strong nose
a: no special abilities


You were on level 3 of the Dungeon.
You were not hungry.

You visited 1 branch of the dungeon, and saw 3 of its levels.
You also visited: Sewer.

You collected 94 gold pieces.

Inventory:

Hand Weapons
 f - a +0 dagger (weapon)
 j - a +0 short sword
 n - a +0 whip
Missiles
 b - a throwing net
 d - 13 poisoned needles
 g - 6 tomahawks (quivered)
 l - 31 bolts
 m - 43 sling bullets
Armour
 a - a +0 robe (worn)
Jewellery
 q - a ring of poison resistance (left hand)
Scrolls
 e - 5 scrolls of remove curse
 h - a scroll of immolation
 v - a scroll of fog {unknown}
Potions
 i - a potion of ambrosia
 k - a potion of lignification
 o - 2 potions of heal wounds
 p - a potion of mutation {unknown}
 r - a potion of degeneration {unknown}
 s - 2 potions of curing {unknown}
 t - 5 potions of flight {unknown}
Comestibles
 c - 3 rations
 u - 6 chunks of flesh


   Skills:
 + Level 1.8 Fighting
 + Level 1.8 Short Blades
 + Level 1.8 Long Blades
 + Level 1.8 Axes
 + Level 1.8 Maces & Flails
 + Level 1.8 Polearms
 + Level 1.8 Staves
 + Level 1.8 Slings
 + Level 1.8 Bows
 + Level 1.8 Crossbows
 + Level 1.8 Throwing
 + Level 1.8 Armour
 + Level 4.9 Dodging
 + Level 4.5 Stealth
 + Level 1.8 Shields
 + Level 1.8 Unarmed Combat
 + Level 5.3 Spellcasting
 + Level 1.4 Conjurations
 + Level 1.4 Hexes
 + Level 1.4 Charms
 + Level 1.4 Summonings
 + Level 7.2 Necromancy
 + Level 1.4 Translocations
 + Level 1.4 Transmutations
 + Level 1.4 Fire Magic
 + Level 1.4 Ice Magic
 + Level 1.4 Air Magic
 + Level 1.4 Earth Magic
 + Level 1.4 Poison Magic
 + Level 2.0 Invocations
 + Level 1.8 Evocations


You had 7 spell levels left.
You knew the following spells:

 Your Spells              Type           Power        Failure   Level  Hunger
a - Pain                  Necr           ####         1%          1    None
b - Regeneration          Chrm/Necr      ###.......   7%          3    ##.....
c - Animate Skeleton      Necr           N/A          1%          1    None
d - Vampiric Draining     Necr           ####......   1%          3    ##.....

Your spell library contained the following spells:

 Spells                   Type           Power        Failure   Level  Hunger
 Animate Dead             Necr           N/A          7%          4    ####...


Dungeon Overview and Level Annotations

Branches:
Dungeon (3/15)

Altars:
Ru
Trog
Vehumet


Innate Abilities, Weirdness & Mutations

Your experience applies equally to all skills.
You have very sharp teeth.
Your uncanny sense of smell can sniff out nearby items.


Message History

Aiming: Pain (safe; 1% risk of failure)
Press: ? - help, Shift-Dir - straight line, f/p - centaur
Aim: a centaur (lightly wounded, chance to defeat MR: 84%)
The centaur barely resists.
The centaur misses you. x2
Casting: Pain (safe; 1% risk of failure)
Confirm with . or Enter, or press ? or * to list all spells.
Aiming: Pain (safe; 1% risk of failure)
Press: ? - help, Shift-Dir - straight line, f/p - centaur
Aim: a centaur (lightly wounded, chance to defeat MR: 84%)
The centaur writhes in agony!
The centaur misses you.
Casting: Pain (safe; 1% risk of failure)
Confirm with . or Enter, or press ? or * to list all spells.
Aiming: Vampiric Draining (safe; 1% risk of failure)
Press: ? - help, Shift-Dir - straight line, f/p - centaur
Aim: a centaur (heavily wounded)
The centaur is almost dead.
You feel life coursing into your body. The centaur hits you.
* * * LOW HITPOINT WARNING * * *
The centaur hits you!
You die...

...# *,,,,,,,**,***#..# *,*
**** ##.# ******,***,* #..#
*,*** *,* *,,,,,,* #..# *,,,*
*,* *,,***** #K.# ***,* *,**
*,,* #c.# *.# *,,* *,,* #..#
*.# **,* *,,* #(.# *.# *,*
#..########..# ###.# *<*
#...).@cK.(..# #...####
#.******#.##########.###.#.....
#.#*.,,,,,,,* #...##...####
#.##.*##*,#.# ###...###......
#...,,.#*,#.# #.......#.#####
#..#**.##.#.# #.......#.# *
#..# *...,#.# #....†..#)# *
#..###.#**#.# ###...###.# *
##......####.# #...# #.# *


You could see a centaur and a kobold.

Vanquished Creatures
  A big kobold (Sewer)
  An orc wizard (D:2)
  4 adders
  7 gnolls (D:3)
  A river rat (Sewer)
  2 worms
  2 leopard geckos (D:3)
  2 orcs (D:3)
  10 bats
  4 giant cockroaches (D:3)
  5 goblins
  7 hobgoblins
  5 jackals
  A quokka (D:3)
  4 frilled lizards
  11 kobolds
  7 rats
74 creatures vanquished.

Notes
Turn   | Place    | Note
-------+----------+-------------------------------------------
     0 | D:1      | Kairos the Gnoll Necromancer began the quest for the Orb.
     0 | D:1      | Reached XP level 1. HP: 13/13 MP: 6/6
   199 | D:1      | Reached XP level 2. HP: 16/19 MP: 7/7
  1098 | D:2      | Found a sacrificial altar of Ru.
  1111 | D:2      | Reached skill level 5 in Spellcasting
  1111 | D:2      | Reached skill level 1 in Invocations
  1111 | D:2      | Reached XP level 3. HP: 9/25 MP: 4/9
  1147 | D:2      | HP: 1/25 [bat (1)]
  1649 | D:2      | Reached skill level 1 in Fighting
  1649 | D:2      | Reached skill level 1 in Short Blades
  1649 | D:2      | Reached skill level 1 in Long Blades
  1649 | D:2      | Reached skill level 1 in Axes
  1649 | D:2      | Reached skill level 1 in Maces & Flails
  1649 | D:2      | Reached skill level 1 in Polearms
  1649 | D:2      | Reached skill level 1 in Staves
  1649 | D:2      | Reached skill level 1 in Slings
  1649 | D:2      | Reached skill level 1 in Bows
  1649 | D:2      | Reached skill level 1 in Crossbows
  1649 | D:2      | Reached skill level 1 in Throwing
  1649 | D:2      | Reached skill level 1 in Armour
  1649 | D:2      | Reached skill level 1 in Shields
  1649 | D:2      | Reached skill level 1 in Unarmed Combat
  1649 | D:2      | Reached skill level 1 in Evocations
  1686 | D:2      | Reached XP level 4. HP: 20/32 MP: 6/11
  1691 | D:2      | Learned a level 3 spell: Regeneration
  1693 | D:2      | Learned a level 1 spell: Animate Skeleton
  1697 | D:2      | Learned a level 3 spell: Vampiric Draining
  1999 | D:2      | Found a radiant altar of Vehumet.
  2452 | D:3      | Reached skill level 1 in Conjurations
  2452 | D:3      | Reached skill level 1 in Hexes
  2452 | D:3      | Reached skill level 1 in Charms
  2452 | D:3      | Reached skill level 1 in Summonings
  2452 | D:3      | Reached skill level 1 in Translocations
  2452 | D:3      | Reached skill level 1 in Transmutations
  2452 | D:3      | Reached skill level 1 in Fire Magic
  2452 | D:3      | Reached skill level 1 in Ice Magic
  2452 | D:3      | Reached skill level 1 in Air Magic
  2452 | D:3      | Reached skill level 1 in Earth Magic
  2452 | D:3      | Reached skill level 1 in Poison Magic
  2474 | D:3      | Reached XP level 5. HP: 4/37 MP: 0/12
  2786 | D:3      | Found a glowing drain.
  2790 | Sewer    | Entered a sewer
  2858 | Sewer    | Noticed a big kobold
  2873 | Sewer    | Killed a big kobold
  2873 | Sewer    | Reached XP level 6. HP: 20/44 MP: 2/13
  2896 | Sewer    | Found a white marble altar of Elyvilon.
  3232 | D:3      | Found a bloodstained altar of Trog.
  3293 | D:3      | Slain by a centaur

Skill      XL: |  1  2  3  4  5 |
---------------+----------------+-----
Spellcasting   | 5 |  5.3
Invocations    | 1 2 |  2.0
Fighting       | 1 |  1.8
Short Blades   | 1 |  1.8
Long Blades    | 1 |  1.8
Axes           | 1 |  1.8
Maces & Flails | 1 |  1.8
Polearms       | 1 |  1.8
Staves         | 1 |  1.8
Slings         | 1 |  1.8
Bows           | 1 |  1.8
Crossbows      | 1 |  1.8
Throwing       | 1 |  1.8
Armour         | 1 |  1.8
Shields        | 1 |  1.8
Unarmed Combat | 1 |  1.8
Evocations     | 1 |  1.8
Conjurations   | 1 |  1.4
Hexes          | 1 |  1.4
Charms         | 1 |  1.4
Summonings     | 1 |  1.4
Translocations | 1 |  1.4
Transmutations | 1 |  1.4
Fire Magic     | 1 |  1.4
Ice Magic      | 1 |  1.4
Air Magic      | 1 |  1.4
Earth Magic    | 1 |  1.4
Poison Magic   | 1 |  1.4
Dodging        | |  4.9
Stealth        | |  4.5
Necromancy     | |  7.2

Action                   |  1- 3 |  4- 6 || total
-------------------------+-------+-------++-------
Melee: Dagger            |    80 |    51 ||   131
       Bite              |     7 |     6 ||    13
       Punch             |       |     2 ||     2
Throw: Tomahawk          |    17 |     3 ||    20
 Cast: Pain              |    12 |    67 ||    79
       Vampiric Draining |       |    10 ||    10
       Regeneration      |       |     1 ||     1
  Use: Scroll            |       |     5 ||     5
       Potion            |       |     1 ||     1
 Stab: Sleeping          |     5 |     5 ||    10
  Eat: Ration            |     1 |       ||     1
       Chunk             |       |     5 ||     5
Armor: Robe              |    20 |     9 ||    29
Dodge: Dodged            |    95 |    76 ||   171
